 Dungeon Crawl Stone Soup version 0.30-a0-1066-g63dfefce0d (webtiles) character file.

Game seed: 14695850544005378188

67 Aneyh the Trooper (level 4, -4/30 HPs)
             Began as a Tengu Fighter on Apr 13, 2023.
             Slain by Natasha (7 damage)
             ... on level 2 of the Dungeon.
             The game lasted 00:01:35 (1015 turns).

Aneyh the Trooper (Tengu Fighter)                   Turns: 1015, Time: 00:01:37

Health: -4/30      AC:  6    Str: 19    XL:     4   Next: 16%
Magic:  5/5        EV:  9    Int:  8    God:
Gold:   86         SH:  4    Dex: 13    Spells: 3/3 levels left

rFire   . . .      SeeInvis .    j - +0 war axe
rCold   . . .      Faith    .    c - +0 buckler
rNeg    . . .      Spirit   .    b - +0 scale mail
rPois   .          Reflect  .    (helmet restricted)
rElec   .          Rampage  .    (no cloak)
rCorr   +                        (no gloves)
Will    .....                    (boots unavailable) Stlth
                                 (no amulet)
HPRegen 0.25/turn                e - ring of resist corrosion
MPRegen 0.09/turn                (no ring)

@: slowed, very slow
A: beak, talons 3
a: no special abilities


You were on level 2 of the Dungeon.
You visited 1 branch of the dungeon, and saw 2 of its levels.

You collected 86 gold pieces.

Inventory:

Hand Weapons
 a - a +0 long sword
 j - a +0 war axe (weapon)
Armour
 b - a +0 scale mail (worn)
 c - a +0 buckler (worn)
Jewellery
 e - a ring of resist corrosion (left hand)
 f - a ring of poison resistance
Wands
 u - a wand of digging (8)
Scrolls
 h - 2 scrolls of teleportation {unknown}
 i - a scroll of enchant armour {unknown}
 k - a scroll of noise {unknown}
 l - a scroll of enchant weapon {unknown}
 o - 3 scrolls of immolation {unknown}
 p - a scroll of acquirement {unknown}
 r - a scroll of identify {unknown}
Potions
 d - a potion of might
 g - a potion of haste {unknown}
 m - 2 potions of heal wounds {unknown}
 n - a potion of flight {unknown}
 q - a potion of mutation {unknown}
 s - a potion of cancellation {unknown}
 t - a potion of magic {unknown}


   Skills:
 + Level 4.9 Fighting
 - Level 2.1 Long Blades
 - Level 3.2 Armour
 - Level 3.0 Shields


You had 3 spell levels left.
You didn't know any spells.
Your spell library was empty.

Dungeon Overview and Level Annotations

Branches:
Dungeon (2/15)

Altars:
Ashenzari

Annotations:
D:2 Natasha


Innate Abilities, Weirdness & Mutations

You have a beak for a mouth.
You have claws for feet.


Message History

Found 13 gold pieces.
Natasha hisses angrily.
Natasha casts a spell at you.
You feel yourself slow down.
Natasha is nearby!
Natasha is nearby!
Natasha growls.
Natasha mewls in sadness.
Natasha casts a spell at you.
You feel as though you will be slow longer.
Natasha casts a spell at you. The magic dart hits you.
Natasha drinks a potion.
Natasha's spells are empowered!
Okay, then.
Okay, then.
Natasha casts a spell at you.
You struggle to resist.
Natasha casts a spell at you. The magic dart hits you!
Natasha stares at you and mumbles some strange words.
The magic dart hits you.
You see here 13 gold pieces.
You closely miss Natasha. Your kick misses Natasha. Natasha closely misses you.
Natasha stares at you and mumbles some strange words.
You feel as though you will be slow longer.
Natasha barely misses you.
You barely miss Natasha. Your kick misses Natasha. Your peck misses Natasha.
Natasha casts a spell at you.
You feel as though you will be slow longer.
Natasha casts a spell at you.
You feel as though you will be slow longer.
You barely miss Natasha. Your peck misses Natasha. Natasha misses you.
Natasha claws you.
You hit Natasha. You peck Natasha, but do no damage.
Natasha is moderately wounded.
Natasha stares at you and mumbles some strange words.
The magic dart hits you!
* * * LOW HITPOINT WARNING * * *
Natasha claws you!
You die...

#..#..#........#.#.#
...#..#....#...#.#.#
#.#...#........#.#.#
#.#.#.#..#####.#.######
..#.#.#..# #......#
##....#..# ######.#
##.##.#..# # #.# ##.#
#..# #.######.##
##.##.#..# #.h@......#
.<....#..# ###########
#######..######
(.......>.......
#######..####### ...#
#...#####
...####........
...............
...####...#####


You could see Natasha (empowered).

Vanquished Creatures
  3 adders (D:2)
  3 worms (D:2)
  A dart slug (D:2)
  An endoplasm (D:1)
  A giant cockroach (D:1)
  3 goblins (D:1)
  6 hobgoblins
  4 kobolds
  2 quokkas (D:1)
  A ball python (D:1)
  A bat (D:1)
  A frilled lizard (D:1)
  3 rats
30 creatures vanquished.

Notes
Turn   | Place    | Note
-------+----------+-------------------------------------------
     0 | D:1      | Aneyh the Tengu Fighter began the quest for the Orb.
     0 | D:1      | Reached XP level 1. HP: 14/14 MP: 2/2
    78 | D:1      | Reached XP level 2. HP: 18/19 MP: 3/3
   659 | D:1      | Reached skill level 4 in Fighting
   699 | D:2      | Reached XP level 3. HP: 23/24 MP: 4/4
   795 | D:2      | Reached XP level 4. HP: 21/30 MP: 5/5
   855 | D:2      | Found a broken altar of Ashenzari.
  1006 | D:2      | Noticed Natasha
  1015 | D:2      | Slain by Natasha

Illustrated notes

Levels and vault maps discovered:
D:1:      matt_arrival_los_fun, layout_basic, serial_bayou_pond_d
D:2:      layout_basic, basic_altar, uniq_natasha

Skill      XL: |  1  2 |
---------------+-------+-----
Fighting       | 4 |  4.9
Long Blades    | |  2.1
Armour         | |  3.2
Shields        | |  3.0

Action                     |  1- 3 |  4- 6 || total
---------------------------+-------+-------++-------
  Melee: Long sword        |    20 |       ||    20
         Kick              |    12 |     5 ||    17
         Peck              |     6 |     2 ||     8
         War axe           |    55 |    15 ||    70
 Armour: Scale mail        |    35 |     4 ||    39
  Dodge: Dodged            |    29 |     7 ||    36
  Block: Buckler           |    23 |     2 ||    25

Table legend: (Time is in decaauts)
 A = Elapsed time spent in this place.
 B = Non-inter-level travel time spent in this place.
 C = Inter-level travel time spent in this place.
 D = Time resting spent in this place.
 E = Time spent auto-exploring this place.
 F = Levels seen in this place.
 G = Mean time per level.
                   A        B        C        D        E       F      G
               +--------+--------+--------+--------+--------+-----+--------+
         Total |   1062 |   1060 |      2 |      0 |    789 |   2 |  531.0 |
       Dungeon |   1062 |   1060 |      2 |      0 |    789 |   2 |  531.0 |
               +--------+--------+--------+--------+--------+-----+--------+

Top non-repeatable levels by time:
     D:1: 710 daAuts
     D:2: 352 daAuts
